3L
KINGSTON TOWNSHIP KNIGHTS @ ECHO PARK LAKERS
07/19/2039
 
TOP OF THE 1ST
Kingston Township Knights batting - Pitching for Echo Park Lakers : RHP Jordan Calhoun
Pitching: RHP Jordan Calhoun
Batting: RHB Glenn Curtis 0-0: Swinging Strike
0-1: Ball
1-1: Foul Ball, location: 2F
1-2: Strikes out swinging
Batting: RHB Takenao Wakabayashi 0-0: Called Strike
0-1: Called Strike
0-2: Fly out, F5 (Popup, 5F, EV 80.0 MPH)
Batting: RHB Daniel McCoy 0-0: Called Strike
0-1: Foul Ball, location: 2F
0-2: Foul Ball, location: 2F
0-2: Fly out, F9 (Flyball, 9D, EV 91.2 MPH)
Top of the 1st over - 0 runs, 0 hits, 0 errors, 0 left on base; Kingston Township 0 - Echo Park 0
BOTTOM OF THE 1ST
Echo Park Lakers batting - Pitching for Kingston Township Knights : LHP Pete Rhue
Pitching: LHP Pete Rhue
Batting: LHB Wu-shun Chu 0-0: Ball
1-0: Ball
2-0: Ball
3-0: Base on Balls
Batting: RHB Komotay Koffie 0-0: Ball
1-0: Called Strike
1-1: 2-RUN HOME RUN (Flyball, 7D, EV 96.2 MPH), Distance : 370 ft
Batting: RHB Angeddy Almanzar 0-0: Ball
1-0: Ground out 6-3 (Groundball, 6, EV 103.1 MPH)
Batting: RHB Kyu-cheol Kye 0-0: Ball
1-0: Ball
2-0: Called Strike
2-1: Ground out 5-3 (Groundball, 5, EV 83.8 MPH)
Batting: RHB Gilberto Juárez 0-0: Called Strike
0-1: Ball
1-1: Ball
2-1: Ball
3-1: Foul Ball, location: 2F
3-2: Ground out 4-3 (Groundball, 34, EV 83.8 MPH)
Bottom of the 1st over - 2 runs, 1 hit, 0 errors, 0 left on base; Kingston Township 0 - Echo Park 2
TOP OF THE 2ND
Kingston Township Knights batting - Pitching for Echo Park Lakers : RHP Jordan Calhoun
Batting: LHB Ed Mellor 0-0: Swinging Strike
0-1: Foul Ball, location: 2F
0-2: Ball
1-2: Foul Ball, location: 2F
1-2: Foul Ball, location: 2F
1-2: Ball
2-2: Ball
3-2: Ground out U3 (Groundball, 3, EV 85.6 MPH)
Batting: RHB Holden Ford 0-0: Ball
1-0: SOLO HOME RUN (Flyball, 8RXD, EV 110.6 MPH), Distance : 421 ft
Batting: RHB Alfredo Cardenas 0-0: Called Strike
0-1: Ball
1-1: Ground out 5-3 (Groundball, 56S, EV 80.6 MPH)
Batting: RHB Scott Robertson 0-0: Ball
1-0: Swinging Strike
1-1: Ball
2-1: Foul Ball, location: 2F
2-2: Ball
3-2: SINGLE (Groundball, 34D, EV 96.9 MPH)
Batting: RHB Daniel Maldonado 0-0: Ground out 4-3 (Groundball, 4, EV 78.1 MPH)
Top of the 2nd over - 1 run, 2 hits, 0 errors, 1 left on base; Kingston Township 1 - Echo Park 2
BOTTOM OF THE 2ND
Echo Park Lakers batting - Pitching for Kingston Township Knights : LHP Pete Rhue
Batting: RHB Ryoma Yamamoto 0-0: Called Strike
0-1: Fly out, F9 (Flyball, 89M, EV 83.1 MPH)
Batting: RHB Phil Gillespie 0-0: Called Strike
0-1: Ball
1-1: Ball
2-1: Fly out, F5 (Line Drive, 5, EV 62.5 MPH)
Batting: SHB Ryan Wood 0-0: Ball
1-0: Called Strike
1-1: Ball
2-1: Ground out 4-3 (Groundball, 4S, EV 66.2 MPH)
Bottom of the 2nd over - 0 runs, 0 hits, 0 errors, 0 left on base; Kingston Township 1 - Echo Park 2
TOP OF THE 3RD
Kingston Township Knights batting - Pitching for Echo Park Lakers : RHP Jordan Calhoun
Batting: RHB Khal Drogo 0-0: Ball
1-0: Called Strike
1-1: Called Strike
1-2: Ball
2-2: Ball
3-2: Base on Balls
Batting: RHB Glenn Curtis 0-0: Ball
1-0: Called Strike
1-1: Swinging Strike
1-2: SINGLE (Groundball, 4MD, EV 97.5 MPH)
Khal Drogo to second
Batting: RHB Takenao Wakabayashi 0-0: Ball
1-0: Called Strike
1-1: Ball
2-1: Grounds into double play, 5-4-3 (Groundball, 56, EV 77.5 MPH)
Khal Drogo to third
Batting: RHB Daniel McCoy 0-0: Ball
1-0: Foul Ball, location: 2F
1-1: Fly out, F9 (Line Drive, 9, EV 98.8 MPH)
Top of the 3rd over - 0 runs, 1 hit, 0 errors, 1 left on base; Kingston Township 1 - Echo Park 2
BOTTOM OF THE 3RD
Echo Park Lakers batting - Pitching for Kingston Township Knights : LHP Pete Rhue
Batting: RHB Felipe Campos 0-0: Ball
1-0: Called Strike
1-1: Foul Ball, location: 2F
1-2: Ball
2-2: Ground out 5-3 (Groundball, 56, EV 110.0 MPH)
Batting: LHB Wu-shun Chu 0-0: Ball
1-0: Fly out, F6 (Popup, 6MD, EV 48.1 MPH)
Batting: RHB Komotay Koffie 0-0: Ball
1-0: Fly out, F8 (Flyball, 78S, EV 85.0 MPH)
Bottom of the 3rd over - 0 runs, 0 hits, 0 errors, 0 left on base; Kingston Township 1 - Echo Park 2
TOP OF THE 4TH
Kingston Township Knights batting - Pitching for Echo Park Lakers : RHP Jordan Calhoun
Batting: LHB Ed Mellor 0-0: Ball
1-0: Swinging Strike
1-1: Fly out, F7 (Flyball, 7LS, EV 88.1 MPH)
Batting: RHB Holden Ford 0-0: Ball
1-0: Foul Ball, location: 2F
1-1: Ground out 5-3 (Groundball, 5L, EV 87.5 MPH)
Batting: RHB Alfredo Cardenas 0-0: Called Strike
0-1: Ball
1-1: Called Strike
1-2: SINGLE (Flyball, 89S, EV 86.9 MPH)
Batting: RHB Scott Robertson 0-0: Swinging Strike
0-1: Ball
1-1: Ball
2-1: Ball
3-1: Fly out, F9 (Line Drive, 9, EV 96.2 MPH)
Top of the 4th over - 0 runs, 1 hit, 0 errors, 1 left on base; Kingston Township 1 - Echo Park 2
BOTTOM OF THE 4TH
Echo Park Lakers batting - Pitching for Kingston Township Knights : LHP Pete Rhue
Batting: RHB Angeddy Almanzar 0-0: Called Strike
0-1: Foul Ball, location: 2F
0-2: Ball
1-2: SINGLE (Line Drive, 5D, EV 98.1 MPH)
Batting: RHB Kyu-cheol Kye 0-0: Ball
1-0: Ball
2-0: Ball
3-0: Called Strike
3-1: Called Strike
3-2: Strikes out swinging
Batting: RHB Gilberto Juárez 0-0: Ball
1-0: Foul Ball, location: 2F
1-1: Fly out, F3 (Popup, 3SF, EV 82.5 MPH)
Batting: RHB Ryoma Yamamoto 0-0: Called Strike
0-1: Ball
1-1: Fielders Choice at 2nd, 6-4 (Groundball, 6, EV 97.5 MPH)
Bottom of the 4th over - 0 runs, 1 hit, 0 errors, 1 left on base; Kingston Township 1 - Echo Park 2
TOP OF THE 5TH
Kingston Township Knights batting - Pitching for Echo Park Lakers : RHP Jordan Calhoun
Batting: RHB Daniel Maldonado 0-0: Foul Ball, location: 2F
0-1: Ball
1-1: Foul Ball, location: 2F
1-2: Foul Ball, location: 2F
1-2: Foul Ball, location: 2F
1-2: Ball
2-2: Ball
3-2: Fly out, F7 (Flyball, 78D, EV 102.5 MPH)
Batting: RHB Khal Drogo 0-0: Ball
1-0: Foul Ball, location: 2F
1-1: DOUBLE (Line Drive, 9LM, EV 102.5 MPH)
Batting: RHB Glenn Curtis 0-0: Ball
1-0: Ground out 6-3 (Groundball, 6, EV 92.5 MPH)
Khal Drogo to third
Pitching: RHP Wop Baars
Batting: RHB Takenao Wakabayashi 0-0: Called Strike
0-1: Fly out, F9 (Flyball, 9, EV 78.8 MPH)
Top of the 5th over - 0 runs, 1 hit, 0 errors, 1 left on base; Kingston Township 1 - Echo Park 2
BOTTOM OF THE 5TH
Echo Park Lakers batting - Pitching for Kingston Township Knights : LHP Pete Rhue
Batting: RHB Phil Gillespie 0-0: Ball
1-0: Ground out 4-3 (Groundball, 4M, EV 102.5 MPH)
Batting: SHB Ryan Wood 0-0: Ball
1-0: SOLO HOME RUN (Flyball, 7D, EV 103.1 MPH), Distance : 370 ft
Batting: RHB Felipe Campos 0-0: Ball
1-0: Ball
2-0: Foul Ball, location: 2F
2-1: Ball
3-1: Foul Ball, location: 2F
3-2: Ground out 6-3 (Groundball, 6, EV 86.9 MPH)
Batting: LHB Wu-shun Chu 0-0: SOLO HOME RUN (Flyball, 89XD, EV 104.4 MPH), Distance : 409 ft
Batting: RHB Komotay Koffie 0-0: Fly out, F7 (Flyball, 78S, EV 72.5 MPH)
Bottom of the 5th over - 2 runs, 2 hits, 0 errors, 0 left on base; Kingston Township 1 - Echo Park 4
TOP OF THE 6TH
Kingston Township Knights batting - Pitching for Echo Park Lakers : RHP Wop Baars
Batting: RHB Daniel McCoy 0-0: Called Strike
0-1: Called Strike
0-2: Ball
1-2: Strikes out looking
Batting: LHB Ed Mellor 0-0: Ball
1-0: Foul Ball, location: 2F
1-1: Swinging Strike
1-2: Strikes out swinging
Batting: RHB Holden Ford 0-0: Ball
1-0: Foul Ball, location: 2F
1-1: Foul Ball, location: 2F
1-2: Ball
2-2: Strikes out looking
Top of the 6th over - 0 runs, 0 hits, 0 errors, 0 left on base; Kingston Township 1 - Echo Park 4
BOTTOM OF THE 6TH
Echo Park Lakers batting - Pitching for Kingston Township Knights : LHP Pete Rhue
Batting: RHB Angeddy Almanzar 0-0: Ball
1-0: Ball
2-0: Ball
3-0: Base on Balls
Batting: RHB Kyu-cheol Kye 0-0: Ball
1-0: Foul Ball, location: 2F
1-1: Foul Ball, location: 2F
1-2: Ball
2-2: Fly out, F7 (Flyball, 7, EV 86.9 MPH)
Batting: RHB Gilberto Juárez 0-0: Ball
1-0: Called Strike
1-1: Ball
2-1: Fly out, F3 (Popup, 3, EV 73.1 MPH)
Batting: RHB Ryoma Yamamoto 0-0: Ball
1-0: SINGLE (Line Drive, 8RS, EV 104.4 MPH)
Angeddy Almanzar to second
Batting: RHB Phil Gillespie 0-0: Ball
1-0: Ball
2-0: Called Strike
2-1: Ball
3-1: Called Strike
3-2: Foul Ball, location: 2F
3-2: Foul Ball, location: 2F
3-2: Fly out, F3 (Popup, 3SF, EV 75.6 MPH)
Bottom of the 6th over - 0 runs, 1 hit, 0 errors, 2 left on base; Kingston Township 1 - Echo Park 4
TOP OF THE 7TH
Kingston Township Knights batting - Pitching for Echo Park Lakers : RHP Wop Baars
Batting: RHB Alfredo Cardenas 0-0: Ball
1-0: Called Strike
1-1: SINGLE (Line Drive, 3L, EV 95.6 MPH)
Batting: RHB Scott Robertson 0-0: Foul Ball, location: 2F
0-1: Called Strike
0-2: Ball
1-2: Ball
2-2: Ball
3-2: Ground out 4-3 (Groundball, 4MD, EV 111.2 MPH)
Alfredo Cardenas to second
Pitching: RHP Mark Collingwood
Batting: RHB Daniel Maldonado 0-0: Ball
Wild Pitch!
Alfredo Cardenas to third
1-0: Ball
2-0: Ball
3-0: Base on Balls
Batting: RHB Khal Drogo 0-0: Swinging Strike
0-1: Ball
1-1: Swinging Strike
1-2: Foul Ball, location: 2F
1-2: Strikes out looking
Batting: RHB Glenn Curtis 0-0: Called Strike
0-1: Swinging Strike
0-2: Ball
1-2: Foul Ball, location: 2F
1-2: Foul Ball, location: 2F
1-2: Ball
2-2: Ball
3-2: Base on Balls
Daniel Maldonado to second
Batting: RHB Takenao Wakabayashi 0-0: Foul Ball, location: 2F
0-1: SINGLE (Groundball, 6MD, EV 100.0 MPH)
Alfredo Cardenas scores
Daniel Maldonado to third
Glenn Curtis to second
Runner from 3rd tries for Home, SAFE, throw by CF to home
Batting: RHB Daniel McCoy 0-0: Foul Ball, location: 2F
0-1: Ball
1-1: Ball
2-1: SINGLE (Line Drive, 7S, EV 96.9 MPH)
Glenn Curtis to third
Takenao Wakabayashi to second
Runner from 3rd tries for Home, SAFE, throw by LF to home
Batting: LHB Ed Mellor 0-0: Foul Ball, location: 2F
0-1: Ball
1-1: Foul Ball, location: 2F
1-2: Ball
2-2: Ball
3-2: Base on Balls
Takenao Wakabayashi to third
Daniel McCoy to second
Batting: RHB Holden Ford 0-0: Called Strike
0-1: Fly out, F4 (Popup, 4M, EV 58.1 MPH)
Top of the 7th over - 3 runs, 3 hits, 0 errors, 3 left on base; Kingston Township 4 - Echo Park 4
BOTTOM OF THE 7TH
Echo Park Lakers batting - Pitching for Kingston Township Knights : LHP Pete Rhue
Batting: SHB Ryan Wood 0-0: Ball
1-0: Called Strike
1-1: Foul Ball, location: 2F
1-2: Ball
2-2: Fly out, F7 (Flyball, 7LS, EV 89.4 MPH)
Batting: RHB Felipe Campos 0-0: SINGLE (Groundball, 6MD, EV 107.5 MPH)
Pitching: LHP Ebby Calvin LaLoosh
Batting: LHB Wu-shun Chu 0-0: Called Strike
0-1: Ball
1-1: Swinging Strike
1-2: Foul Ball, location: 2F
1-2: Ground out 5-3 (Groundball, 5S, EV 74.4 MPH)
Felipe Campos to second
Batting: RHB Komotay Koffie 0-0: Ball
1-0: Foul Ball, location: 2F
1-1: Swinging Strike
1-2: SINGLE (Groundball, 6D, EV 102.5 MPH)
Felipe Campos to third
Runner from 3rd tries for Home, SAFE, throw by CF to home
Batting: RHB Angeddy Almanzar 0-0: Foul Ball, location: 2F
0-1: Foul Ball, location: 2F
0-2: Ball
1-2: Ground out 6-3 (Groundball, 6S, EV 84.4 MPH)
Bottom of the 7th over - 1 run, 2 hits, 0 errors, 1 left on base; Kingston Township 4 - Echo Park 5
TOP OF THE 8TH
Kingston Township Knights batting - Pitching for Echo Park Lakers : RHP Mark Collingwood
Batting: RHB Alfredo Cardenas 0-0: Ball
1-0: Swinging Strike
1-1: Called Strike
1-2: Ball
2-2: Strikes out swinging
Pitching: RHP Jeffery Prosser
Batting: RHB Scott Robertson 0-0: Ball
1-0: Ball
2-0: DOUBLE (Flyball, 78D, EV 100.0 MPH)
Batting: RHB Daniel Maldonado 0-0: Ball
1-0: Ball
2-0: Called Strike
2-1: Ball
3-1: Ground out 4-3 (Groundball, 4S, EV 78.1 MPH)
Scott Robertson to third
Pinch Hitting: LHB Tony Goodwin 0-0: Foul Ball, location: 2F
0-1: Ball
1-1: Ball
2-1: Foul Ball, location: 2F
2-2: Fly out, F6 (Popup, 15S, EV 88.1 MPH)
Top of the 8th over - 0 runs, 1 hit, 0 errors, 1 left on base; Kingston Township 4 - Echo Park 5
BOTTOM OF THE 8TH
Echo Park Lakers batting - Pitching for Kingston Township Knights : LHP Ebby Calvin LaLoosh
Now at 3B: Jorge Ozezera
Batting: RHB Kyu-cheol Kye 0-0: Called Strike
0-1: Ground out 6-3 (Groundball, 56, EV 100.6 MPH)
Batting: RHB Gilberto Juárez 0-0: Called Strike
0-1: Ball
1-1: Ball
2-1: Foul Ball, location: 2F
2-2: Ball
3-2: Base on Balls
Batting: RHB Ryoma Yamamoto 0-0: Foul Ball, location: 2F
0-1: Ball
1-1: Ball
2-1: Single, Error in OF, E9, batter to second base (Groundball, 34D, EV 103.1 MPH)
Gilberto Juárez to third
Batting: RHB Phil Gillespie 0-0: Intentional Walk
Batting: SHB Ryan Wood 0-0: Ball
1-0: Ball
2-0: Called Strike
2-1: Foul Ball, location: 2F
2-2: Foul Ball, location: 2F
2-2: GRAND SLAM HOME RUN (Flyball, 7D, EV 87.5 MPH), Distance : 378 ft
Pitching: LHP Dale Snider
Batting: RHB Felipe Campos 0-0: Ball
1-0: Foul Ball, location: 2F
1-1: Fly out, F7 (Flyball, 7, EV 74.4 MPH)
Batting: LHB Wu-shun Chu 0-0: SOLO HOME RUN (Flyball, 9LD, EV 98.1 MPH), Distance : 356 ft
Batting: RHB Komotay Koffie 0-0: Called Strike
0-1: Swinging Strike
0-2: Ball
1-2: Strikes out swinging
Bottom of the 8th over - 5 runs, 3 hits, 1 error, 0 left on base; Kingston Township 4 - Echo Park 10
TOP OF THE 9TH
Kingston Township Knights batting - Pitching for Echo Park Lakers : RHP Jeffery Prosser
Batting: RHB Glenn Curtis 0-0: Ball
1-0: Ball
2-0: Fly out, F9 (Flyball, 9D, EV 93.1 MPH)
Batting: RHB Takenao Wakabayashi 0-0: Called Strike
0-1: Ground out 3-1 (Groundball, 34, EV 100.0 MPH)
Batting: RHB Daniel McCoy 0-0: Called Strike
0-1: Ball
1-1: Foul Ball, location: 2F
1-2: Ball
2-2: SOLO HOME RUN (Line Drive, 7D, EV 97.5 MPH), Distance : 382 ft
Batting: LHB Ed Mellor 0-0: Swinging Strike
0-1: Foul Ball, location: 2F
0-2: Strikes out looking
Top of the 9th over - 1 run, 1 hit, 0 errors, 0 left on base; Kingston Township 5 - Echo Park 10
Wednesday, July 8th, 2020 - OOTP Baseball 20.8 Build 74